 Dungeon Crawl Stone Soup version 0.21.1-1-g345015f (webtiles) character file.

419 microfolk the Charmwright (level 6, -10/51 HPs)
             Began as a Gnoll Skald on Feb 12, 2018.
             Killed by nerve-wracking pain
             ... invoked by an orc priest
              (14 damage)
             ... on level 4 of the Dungeon.
             The game lasted 00:10:23 (3309 turns).

microfolk the Charmwright (Gnoll Skald)             Turns: 3309, Time: 00:10:24

Health: -10/51     AC:  6    Str: 16    XL:     6   Next: 93%
Magic:  11/14      EV: 12    Int: 15    God:
Gold:   125        SH:  0    Dex: 14    Spells: 4/15 levels left

rFire    . . .     SeeInvis .   m - +5 trident
rCold    . . .     Gourm    .   (no shield)
rNeg     . . .     Faith    .   l - +0 scale mail
rPois    .         Spirit   .   (no helmet)
rElec    .         Reflect  .   (no cloak)
rCorr    .         Harm     .   (no gloves)
MR       .....                  (no boots)
Stlth    +.........             (no amulet)
HPRegen  0.17/turn              (no ring)
MPRegen  0.14/turn              (no ring)

@: singing, very slightly contaminated, glowing
A: distributed training, fangs 1, strong nose
a: no special abilities


You were on level 4 of the Dungeon.
You were not hungry.

You visited 1 branch of the dungeon, and saw 4 of its levels.

You collected 125 gold pieces.

Inventory:

Hand Weapons
 a - a +0 falchion
 m - a +5 trident (weapon)
Missiles
 f - 181 stones (quivered)
 g - 44 poisoned needles
Armour
 l - a +0 scale mail (worn)
Jewellery
 n - an uncursed ring of resist corrosion {unknown}
Wands
 o - a wand of disintegration (7)
Scrolls
 b - a scroll of fog {unknown}
 e - a scroll of magic mapping {unknown}
 h - a scroll of remove curse
 i - a scroll of teleportation {unknown}
 j - a scroll of identify {unknown}
 k - a scroll of amnesia {unknown}
 q - a scroll of enchant weapon
Potions
 p - a potion of cancellation {unknown}
Books
 c - a book of Battle

   Spells                             Type                      Level
   a - Infusion                       Charms                       1
   b - Shroud of Golubria             Charms/Translocation         2
   c - Song of Slaying                Charms                       2
   d - Spectral Weapon                Hexes/Charms                 3
   e - Regeneration                   Charms/Necromancy            3
Comestibles
 d - 6 rations


   Skills:
 + Level 5.0 Fighting
 + Level 2.1 Short Blades
 + Level 5.0 Long Blades
 + Level 2.1 Axes
 + Level 2.1 Maces & Flails
 + Level 2.1 Polearms
 + Level 2.1 Staves
 + Level 2.1 Slings
 + Level 2.1 Bows
 + Level 2.1 Crossbows
 + Level 2.1 Throwing
 + Level 3.3 Armour
 + Level 5.0 Dodging
 + Level 2.1 Stealth
 + Level 2.1 Shields
 + Level 2.1 Unarmed Combat
 + Level 5.4 Spellcasting
 + Level 1.7 Conjurations
 + Level 1.7 Hexes
 + Level 5.7 Charms
 + Level 1.7 Summonings
 + Level 1.7 Necromancy
 + Level 1.7 Translocations
 + Level 1.7 Transmutations
 + Level 1.7 Fire Magic
 + Level 1.7 Ice Magic
 + Level 1.7 Air Magic
 + Level 1.7 Earth Magic
 + Level 1.7 Poison Magic
 + Level 2.3 Invocations
 + Level 2.1 Evocations


You had 4 spell levels left.
You knew the following spells:

 Your Spells              Type           Power        Failure   Level  Hunger
a - Infusion              Chrm           ###.         5%          1    None
b - Shroud of Golubria    Chrm/Tloc      ###.......   19%         2    #......
c - Song of Slaying       Chrm           ###.....     8%          2    #......
d - Regeneration          Chrm/Necr      ###.......   34%         3    ###....
e - Spectral Weapon       Hex/Chrm       ###.....     34%         3    ###....


Dungeon Overview and Level Annotations

Branches:
Dungeon (4/15)
 Temple: D:4-7

Altars:
Hepliaklqana


Innate Abilities, Weirdness & Mutations

Your experience applies equally to all skills.
You have very sharp teeth.
Your uncanny sense of smell can sniff out nearby items.


Message History

The orc wizard gestures wildly while chanting.
The orc wizard flickers and vanishes!
Deactivating autopickup; reactivate with Ctrl-A.
The orc priest hits you but does no damage.
An orc comes into view. It is wielding a short sword.
Your scale mail prevents you from hitting the orc priest.
The orc priest is almost dead.
The orc priest calls down the wrath of Beogh upon you.
Beogh smites you!
* * * LOW HITPOINT WARNING * * *
The orc priest casts a cantrip, but nothing happens.
The orc priest miscasts a cantrip.
You hear a shout!
The orc priest invokes the aid of Beogh against you.
Beogh smites you!
* * * LOW HITPOINT WARNING * * *
The orc priest miscasts a cantrip.
The orc priest mumbles some strange prayers to Beogh against you.
Pain shoots through your body!
You die...

#.# ####o####
###....o..####
#.....o......#
#.#.##o##.##.#
#.#.##{##.# .# #
#.#.##.##.# .# .#
....##o##.##.##..#
.#o####..@........#
#o#.# ####o.......#
# #o########......#
........<.........
....######........
.......## ###.####
##


You could see 2 orc priests.

Vanquished Creatures
  Grinder (D:3)
  Terence (D:2)
  A worker ant (D:2)
  4 gnolls (D:2)
  5 adders
  An ooze (D:1)
  2 worms (D:2)
  5 dart slugs
  3 leopard geckos
  2 giant cockroaches
  5 goblins
  10 hobgoblins
  4 jackals (D:3)
  17 kobolds
  A quokka (D:3)
  A ball python (D:1)
  10 bats
  4 frilled lizards
  3 rats (D:1)
80 creatures vanquished.

Notes
Turn   | Place    | Note
-------+----------+-------------------------------------------
     0 | D:1      | microfolk the Gnoll Skald began the quest for the Orb.
     0 | D:1      | Reached XP level 1. HP: 20/20 MP: 6/6
   252 | D:1      | Reached XP level 2. HP: 26/26 MP: 7/7
   569 | D:1      | Reached XP level 3. HP: 30/31 MP: 9/9
   581 | D:1      | Reached skill level 5 in Spellcasting
   783 | D:1      | Reached skill level 1 in Invocations
  1032 | D:1      | Learned a level 2 spell: Shroud of Golubria
  1035 | D:1      | Learned a level 2 spell: Song of Slaying
  1046 | D:2      | Reached skill level 1 in Short Blades
  1046 | D:2      | Reached skill level 1 in Axes
  1046 | D:2      | Reached skill level 1 in Maces & Flails
  1046 | D:2      | Reached skill level 1 in Polearms
  1046 | D:2      | Reached skill level 1 in Staves
  1046 | D:2      | Reached skill level 1 in Slings
  1046 | D:2      | Reached skill level 1 in Bows
  1046 | D:2      | Reached skill level 1 in Crossbows
  1046 | D:2      | Reached skill level 1 in Throwing
  1046 | D:2      | Reached skill level 1 in Stealth
  1046 | D:2      | Reached skill level 1 in Shields
  1046 | D:2      | Reached skill level 1 in Unarmed Combat
  1046 | D:2      | Reached skill level 1 in Evocations
  1270 | D:2      | Reached XP level 4. HP: 33/38 MP: 3/11
  1281 | D:2      | Reached skill level 1 in Conjurations
  1281 | D:2      | Reached skill level 1 in Hexes
  1281 | D:2      | Reached skill level 1 in Summonings
  1281 | D:2      | Reached skill level 1 in Necromancy
  1281 | D:2      | Reached skill level 1 in Translocations
  1281 | D:2      | Reached skill level 1 in Transmutations
  1281 | D:2      | Reached skill level 1 in Fire Magic
  1281 | D:2      | Reached skill level 1 in Ice Magic
  1281 | D:2      | Reached skill level 1 in Air Magic
  1281 | D:2      | Reached skill level 1 in Earth Magic
  1281 | D:2      | Reached skill level 1 in Poison Magic
  1533 | D:2      | Reached XP level 5. HP: 35/43 MP: 7/12
  1554 | D:2      | Learned a level 3 spell: Regeneration
  1558 | D:2      | Learned a level 3 spell: Spectral Weapon
  1599 | D:2      | Noticed Terence
  1623 | D:2      | Killed Terence
  2046 | D:2      | Found a hazy altar of Hepliaklqana.
  2653 | D:3      | Reached XP level 6. HP: 50/50 MP: 13/13
  2839 | D:3      | Noticed Grinder
  2886 | D:3      | Killed Grinder
  2886 | D:3      | Reached skill level 5 in Fighting
  2886 | D:3      | Reached skill level 5 in Long Blades
  2886 | D:3      | Reached skill level 5 in Dodging
  3309 | D:4      | Killed from afar by an orc priest

Skill      XL: |  1  2  3  4  5  6 |
---------------+-------------------+-----
Spellcasting   | 5 |  5.4
Invocations    | 1 2 |  2.3
Short Blades   | 1 2 |  2.1
Axes           | 1 2 |  2.1
Maces & Flails | 1 2 |  2.1
Polearms       | 1 2 |  2.1
Staves         | 1 2 |  2.1
Slings         | 1 2 |  2.1
Bows           | 1 2 |  2.1
Crossbows      | 1 2 |  2.1
Throwing       | 1 2 |  2.1
Stealth        | 1 2 |  2.1
Shields        | 1 2 |  2.1
Unarmed Combat | 1 2 |  2.1
Evocations     | 1 2 |  2.1
Conjurations   | 1 |  1.7
Hexes          | 1 |  1.7
Summonings     | 1 |  1.7
Necromancy     | 1 |  1.7
Translocations | 1 |  1.7
Transmutations | 1 |  1.7
Fire Magic     | 1 |  1.7
Ice Magic      | 1 |  1.7
Air Magic      | 1 |  1.7
Earth Magic    | 1 |  1.7
Poison Magic   | 1 |  1.7
Armour         | 3 |  3.3
Fighting       | 5 |  5.0
Long Blades    | 5 |  5.0
Dodging        | 5 |  5.0
Charms         | |  5.7

Action                   |  1- 3 |  4- 6 || total
-------------------------+-------+-------++-------
Melee: Falchion          |    91 |    93 ||   184
       Bite              |    11 |    10 ||    21
       Punch             |     1 |       ||     1
       Trident           |       |    69 ||    69
 Cast: Infusion          |     2 |     6 ||     8
       Song of Slaying   |     1 |     1 ||     2
       Spectral Weapon   |       |     4 ||     4
       Regeneration      |       |     1 ||     1
  Use: Scroll            |       |     2 ||     2
  Eat: Chunk             |       |     7 ||     7
       Ration            |       |     1 ||     1
Armor: Ring mail         |     6 |       ||     6
       Scale mail        |    15 |    50 ||    65
Dodge: Dodged            |    59 |    81 ||   140
       Rpst.: Falchion   |    18 |    13 ||    31
